 Dungeon Crawl Stone Soup version 0.19.3-1-g3169bf9 (console) character file.

959 Kloppie the Blocker (level 7, -1/57 HPs)
             Began as a Minotaur Fighter on Jan 24, 2017.
             Slain by Sigmund
             ... wielding a +3 scythe
              (9 damage)
             ... on level 5 of the Dungeon.
             The game lasted 00:05:29 (3701 turns).

Kloppie the Blocker (Minotaur Fighter)              Turns: 3701, Time: 00:05:29

Health: -1/57      AC:  9    Str: 25    XL:     7   Next: 91%
Magic:  6/6        EV:  7    Int:  5    God:
Gold:   205        SH: 13    Dex: 15    Spells: 0 memorised, 6 levels left

rFire  . . .     SeeInvis .     a - +0 war axe
rCold  . . .     Gourm    .     w - +0 chain mail
rNeg   . . .     Faith    +     c - +1 shield
rPois  .         Spirit   .     (helmet restricted)
rElec  .         Reflect  .     (no cloak)
rCorr  .         Harm     .     (no gloves)
MR     .....                    (no boots)
Stlth  ..........               n - amulet of faith
                                (no ring)
                                e - +3 ring of dexterity

@: mighty
A: retaliatory headbutt, horns 2
a: no special abilities


You were on level 5 of the Dungeon.
You were hungry.

You visited 1 branch of the dungeon, and saw 5 of its levels.

You collected 205 gold pieces.

Inventory:

Hand Weapons
 a - a +0 war axe (weapon)
Armour
 b - a +0 scale mail
 c - a +1 shield (worn)
 w - a +0 chain mail (worn)
Jewellery
 e - a +3 ring of dexterity (left hand)
 n - an amulet of faith (around neck)
Wands
 l - a wand of random effects (14/48)
 q - a wand of acid (15/15)
 r - a wand of random effects (34/48)
 s - a wand of slowing (21/48)
 x - a wand of acid (4/15)
Scrolls
 j - 2 scrolls of teleportation
 k - a scroll of recharging
 o - 2 scrolls of remove curse
Potions
 d - 2 potions of might
 u - a potion of curing
 z - 2 potions of flight
Books
 g - a book of Minor Magic

   Spells                             Type                      Level
   a - Magic Dart                     Conjuration                  1
   b - Blink                          Translocation                2
   c - Call Imp                       Summoning                    2
   d - Repel Missiles                 Charms/Air                   2
   e - Slow                           Hexes                        2
   f - Conjure Flame                  Conjuration/Fire             3
   g - Mephitic Cloud                 Conjuration/Poison/Air       3
Comestibles
 f - 3 bread rations
 h - 3 fruits
 i - 4 chunks of flesh
 m - a slice of pizza
 p - 2 meat rations
 t - a beef jerky


   Skills:
 - Level 3.6 Fighting
 + Level 8.0 Axes
 - Level 3.6 Armour
 + Level 8.5 Shields


You had 6 spell levels left.
You didn't know any spells.

Dungeon Overview and Level Annotations

Branches:
Dungeon (5/15)
 Temple: D:4-7

Altars:
Gozag
Nemelex Xobeh

Annotations:
D:2 1 runed door
D:5 Sigmund


Innate Abilities, Weirdness & Mutations

You reflexively headbutt those who attack you in melee.
You have a pair of horns on your head.


Message History

Your headbutt misses something.
Your chain mail prevents you from hitting something.
Your headbutt misses something. Something hits you!
* * * LOW HITPOINT WARNING * * *
You completely miss something. Your headbutt misses something.
Something hits you.
* * * LOW HITPOINT WARNING * * *
You miss something. Your headbutt misses something.
You block something's attack.
You completely miss something.
You hear some strange, mumbled words.
Something tries to affect you, but you resist.
You hit something. Your headbutt misses something. Something hits you!
* * * LOW HITPOINT WARNING * * *
You barely miss something. You miss something. Your headbutt misses something.
Something hits you.
* * * LOW HITPOINT WARNING * * *
You completely miss something. Your headbutt misses something.
Something hits you!
You die...

#.....# #.....#####
#.....#...# #########
#.....#...## ..?.....
+.....+..... #...#.#
#.....#...## #...#.#
#...).#...##
#####..†#.###....)#...##
+.....{@....+....)'...++
##.....†#.###....)#...##
#......#.# #######...##
#......#.# #...##
#......#.#########...##
#......#.#.............
#......#.#.############
#......#.#.# # #.#.#
######


There were no monsters in sight!

Vanquished Creatures
  A water moccasin (D:5)
  A phantom (D:4)
  A centaur (D:5)
  A scorpion (D:5)
  2 hounds
  2 orc priests (D:4)
  2 iguanas
  Natasha (thrice) (D:2)
  5 orc wizards
  2 worker ants
  The ghost of fatfloppyjuicyveiny the Bolt Thrower, a weakling KoHu (D:3)
  Robin (D:2)
  5 adders
  3 oozes
  2 worms
  A dart slug (D:1)
  6 leopard geckos
  11 orcs
  5 giant cockroaches
  15 goblins
  16 hobgoblins
  6 jackals
  7 kobolds
  2 quokkas
  A ball python (D:2)
  10 bats
  4 frilled lizards
  A quokka skeleton (D:4)
  7 rats
124 creatures vanquished.

Notes
Turn   | Place    | Note
-------+----------+-------------------------------------------
     0 | D:1      | Kloppie the Minotaur Fighter began the quest for the Orb.
     0 | D:1      | Reached XP level 1. HP: 19/19 MP: 0/0
   220 | D:1      | Reached XP level 2. HP: 25/26 MP: 1/1
   732 | D:1      | Reached XP level 3. HP: 31/31 MP: 2/2
  1048 | D:2      | Noticed Natasha
  1054 | D:2      | Killed Natasha
  1054 | D:2      | Reached skill level 5 in Shields
  1054 | D:2      | Reached XP level 4. HP: 28/39 MP: 3/3
  1099 | D:2      | Noticed Natasha
  1101 | D:2      | Killed Natasha
  1554 | D:2      | Noticed Natasha
  1564 | D:2      | Killed Natasha
  1564 | D:2      | Reached XP level 5. HP: 45/45 MP: 4/4
  1581 | D:2      | Found a runed door.
  1606 | D:2      | Noticed Robin
  1623 | D:2      | Killed Robin
  1623 | D:2      | Reached skill level 5 in Axes
  1799 | D:3      | Noticed fatfloppyjuicyveiny's ghost (weakling KoHu)
  1815 | D:3      | Killed fatfloppyjuicyveiny's ghost
  2372 | D:4      | Reached XP level 6. HP: 51/51 MP: 5/5
  3230 | D:4      | Reached XP level 7. HP: 55/57 MP: 6/6
  3321 | D:4      | Found a sparkling altar of Nemelex Xobeh.
  3322 | D:4      | Found an opulent altar of Gozag.
  3446 | D:5      | Entered Level 5 of the Dungeon
  3677 | D:5      | Noticed Sigmund
  3701 | D:5      | Slain by Sigmund

Skill      XL: |  1  2  3  4  5  6  7 |
---------------+----------------------+-----
Axes           | 3 4 5 6 8 |  8.0
Shields        | 4 5 6 7 8 |  8.5
Fighting       | |  3.6
Armour         | |  3.6

Action                   |  1- 3 |  4- 6 |  7- 9 || total
-------------------------+-------+-------+-------++-------
Melee: War axe           |    96 |   187 |    51 ||   334
       Headbutt          |    16 |    16 |    14 ||    46
  Use: Potion            |       |     5 |     1 ||     6
       Scroll            |       |     8 |       ||     8
 Stab: Distracted        |       |     1 |       ||     1
  Eat: Chunk             |     1 |     6 |     2 ||     9
Armor: Scale mail        |    34 |    55 |       ||    89
       Chain mail        |       |    27 |    18 ||    45
       Skin              |       |     8 |       ||     8
Dodge: Dodged            |    28 |    57 |     9 ||    94
Block: Shield            |    52 |   112 |    35 ||   199
